 Dungeon Crawl Stone Soup version 0.29.0-4-gdea44cf6ec (webtiles) character file.

Game seed: 2897534019128352859

31441 qw the Brawler (level 13, -13/120 HPs)
             Began as a Troll Cinder Acolyte on Sept 3, 2022.
             Was a Priest of Okawaru.
             Mangled by a cane toad (15 damage)
             ... on level 5 of the Lair of Beasts.
             The game lasted 00:06:33 (12723 turns).

qw the Brawler (Troll Cinder Acolyte)              Turns: 12723, Time: 00:06:34

Health: -13/120    AC: 20    Str: 35    XL:     13   Next: 26%
Magic:  14/15      EV:  7    Int: 13    God:    Okawaru [***...]
Gold:   781        SH: 11    Dex:  5    Spells: 14/14 levels left

rFire   . . .      SeeInvis +     - Unarmed
rCold   . . .      Faith    .   l - +0 kite shield
rNeg    . . .      Spirit   .   g - +0 storm dragon scales
rPois   .          Reflect  .   w - +2 hat {Int+3}
rElec   +          Harm     .   j - +0 cloak
rCorr   .          Rampage  .   (gloves unavailable)
Will    .....                   (boots unavailable)
Stlth   ..........              v - amulet of regeneration
HPRegen 1.90/turn               s - ring of see invisible
MPRegen 0.14/turn               r - +6 ring of strength

@: lethally poisoned (-13 -> -14), about to teleport, heroic, fire susceptible
A: large, unfitting armour, claws 3, regeneration 1, shaggy fur 1, tough skin 1
a: Renounce Religion, Heroism


You were on level 5 of the Lair of Beasts.
You worshipped Okawaru.
Okawaru was most pleased with you.
You visited 3 branches of the dungeon, and saw 17 of its levels.

You collected 952 gold pieces.
You spent 171 gold pieces at shops.


Innate Abilities, Weirdness & Mutations

You are too large for most types of armour.
You have claws for hands.
Your natural rate of healing is unusually fast.
You are covered in fur. (AC +1)
You have tough skin. (AC +1)


   Skills:
 - Level 6.0(11.0) Fighting
 - Level 6.0(11.0) Throwing
 - Level 5.0(10.0) Armour
 - Level 1.3(6.3) Dodging
 - Level 11.0(16.0) Shields
 + Level 15.4(20.4) Unarmed Combat
 - Level 1.0 Spellcasting
 - Level 2.1 Fire Magic
 - Level 4.1 Invocations


You had 14 spell levels left.
You didn't know any spells.
Your spell library contained the following spells:

 Spells                   Type           Power      Damage    Failure   Level
 Scorch                   Fire           12%        2d6       63%         2

Inventory:

Missiles
 f - 10 boomerangs
 i - 3 large rocks (quivered)
 p - 14 javelins
Armour
 g - +0 storm dragon scales (worn)
 h - a +1 robe of resistance
 j - a +0 cloak (worn)
 l - a +0 kite shield (worn)
 w - a +2 hat of intelligence (worn)
Jewellery
 r - a +6 ring of strength (right claw)
 s - a ring of see invisible (left claw)
 t - a ring of protection from fire
 u - a ring of ice
 v - an amulet of regeneration (around neck)
Scrolls
 d - 8 scrolls of identify
 k - 2 scrolls of brand weapon
 o - 4 scrolls of teleportation
 q - 2 scrolls of enchant weapon
Potions
 a - a potion of haste
 c - a potion of cancellation
 e - 10 potions of curing
 m - a potion of might
 n - 3 potions of resistance

Dungeon Overview and Level Annotations

Branches:
Dungeon (11/15)            Temple (1/1) D:5            Lair (4/5) D:11
  Swamp (0/4) Lair:3        Snake (0/4) Lair:2          Orc (0/2) D:10
  Slime: Lair:4-5

Altars:
Ashenzari
Cheibriados
Elyvilon
Fedhas
Gozag
Kikubaaqudgha
Makhleb
Nemelex Xobeh
Okawaru
Qazlal
Ru
Trog
Uskayaw
Vehumet
Yredelemnul
Zin
The Shining One

Shops:
D:1 !*[[   D:10 ?

Annotations:
D:5 2 runed translucent doors
D:7 1 runed translucent door, Crazy Yiuf
D:8 6 transporters
Lair:4 1 runed translucent door, qw's ghost, journeyman TrCA


Message History

The water moccasin bites you but does no damage.
You scratch the elephant but do no damage.
The elephant is severely wounded.
You feel sick.
A catoblepas comes into view.
The elephant tramples you but does no damage.
The elephant trunk-slaps you but does no damage.
The elephant tramples you!
You hold your ground!
The elephant trunk-slaps you but does no damage.
The elephant tramples you but does no damage.
The elephant trunk-slaps you but does no damage.
You block the water moccasin's attack.
You mangle the elephant!!
The elephant is almost dead.
Your surroundings seem slightly different.
A komodo dragon comes into view.
Found 11 gold pieces.
You feel sick.
The komodo dragon hisses angrily.
You hear a bleat!
You hear a howl!
A dream sheep comes into view.
The yak gores you!
The catoblepas breathes a plume of calcifying dust at you.
The blast of calcifying dust hits the komodo dragon but does no damage.
The blast of calcifying dust hits you.
The blast of calcifying dust hits the yak but does no damage.
The blast of calcifying dust hits the elephant.
An elephant comes into view.
The yak is engulfed in calcifying dust.
The yak is moving more slowly.
The yak gores you but does no damage. The cane toad stings you!
You block the water moccasin's attack.
You hear a loud, deep croak! x2
12723 ||| READING 5 scrolls of teleportation.
As you read the scroll of teleportation, it crumbles to dust.
You feel strangely unstable.
You are engulfed in calcifying dust.
You feel sick.
You hear a croak.
You block the water moccasin's attack.
The komodo dragon is engulfed in calcifying dust.
The komodo dragon is moving more slowly.
The komodo dragon barely misses you. The cane toad stings you!
You die...

...# #.?.#
P...# #....#
###.....#
###.#..Y.#
#...#l¤..##
###Y@S....#
#¤YYFl#Y...#
#.....YYr.S.#
Y.#
......F.FF..#
.
.........#.##
##.....#####
######


You could see a catoblepas, 4 elephants, an oklob plant, 2 komodo dragons, 2
yaks, 3 cane toads, a blink frog, 2 water moccasins, a dream sheep and a hell
rat.

Vanquished Creatures
  Gastronok (Lair:2)
  3 dire elephants (Lair:5)
  Fannar (Lair:2)
  Harold (D:9)
  2 hydras
  2 two-headed ogres
  A centaur warrior (D:11)
  3 death yaks (Lair:3)
  Sonja (Lair:2)
  A spectral death yak (Lair:5)
  Amaemon (Lair:2)
  A spectral anaconda (Lair:5)
  A cyclops (D:11)
  6 elephants
  Joseph (D:9)
  A torpor snail (Lair:4)
  3 rime drakes
  Maggie (Lair:1)
  4 cane toads
  An orange demon (Lair:2)
  An unseen horror (D:11)
  2 komodo dragons
  An efreet (D:8)
  A polar bear (Lair:3)
  Prince Ribbit (D:7)
  Grinder (D:6)
  A hornet (D:9)
  8 blink frogs
  5 slime creatures (D:10)
  A vampire (D:11)
  4 wraiths
  Eustachio (D:7)
  2 wyverns
  18 yaks
  8 fire elementals
  2 basilisks
  A steam dragon (D:10)
  4 vampire mosquitoes (D:10)
  A spectral cane toad (Lair:5)
  3 acid dragons
  9 water moccasins
  2 ice beasts (D:6)
  2 black bears (Lair:2)
  2 orc warriors
  An ogre (D:4)
  An elephant zombie (Lair:5)
  4 centaurs
  4 wolves (Lair:1)
  A phantom (D:7)
  2 kobold brigands
  4 gnoll sergeants
  4 bullfrogs
  3 necrophages
  4 scorpions
  12 wights
  2 elephant simulacra (Lair:5)
  5 killer bees (D:9)
  An electric eel (Lair:4)
  3 howler monkeys
  2 jellies
  6 orc priests
  2 gnoll boudas
  4 hounds
  5 iguanas
  Jessica (D:2)
  3 orc wizards
  17 gnolls
  6 adders
  An ufetubus (D:5)
  A worm (D:4)
  A dart slug (D:1)
  35 orcs
  5 endoplasms
  3 giant cockroaches
  18 goblins
  5 hobgoblins
  7 jackals
  14 kobolds
  3 quokkas
  6 ball pythons
  4 bats
  3 frilled lizards
  A quokka zombie (D:8)
  4 rats
  A rat zombie (D:8)
326 creatures vanquished.

Vanquished Creatures (others)
  25 fungi
  23 plants
  19 withered plants (Lair:5)
67 creatures vanquished.

Grand Total: 393 creatures vanquished

Notes
Turn   | Place    | Note
-------+----------+-------------------------------------------
     0 | D:1      | qw the Troll Cinder Acolyte began the quest for the Orb.
     0 | D:1      | Reached XP level 1. HP: 22/22 MP: 1/1
     0 | D:1      | 0 ||| qw: Version: 0.1-a-102-g441f92d
     0 | D:1      | 0 ||| qw: Game counter: 5113
     0 | D:1      | 0 ||| qw: Always use a shield: true
     0 | D:1      | 0 ||| qw: God list: Okawaru
     0 | D:1      | 0 ||| qw: Allow faded altars: false
     0 | D:1      | 0 ||| qw: Do Orc after D:15 true
     0 | D:1      | 0 ||| qw: Do second Lair branch before Depths: true
     0 | D:1      | 0 ||| qw: Lair rune preference: random
     0 | D:1      | 0 ||| qw: Plans: Normal
     0 | D:1      | 0 ||| PLANNING D:1-11
    20 | D:1      | 20 ||| Stepping ~*~*~tactically~*~*~ (stealth).
    21 | D:1      | 21 ||| Stepping ~*~*~tactically~*~*~ (stealth).
   127 | D:1      | Reached XP level 2. HP: 29/29 MP: 2/2
   197 | D:1      | Found a faded altar of an unknown god.
   440 | D:1      | 440 ||| Stepping ~*~*~tactically~*~*~ (hiding).
   441 | D:1      | 441 ||| Stepping ~*~*~tactically~*~*~ (hiding).
   447 | D:1      | Reached skill level 4 in Unarmed Combat
   575 | D:1      | Found Jun Kipp's Distillery.
   584 | D:1      | 584 ||| SHOPLISTING 2 potions of curing (84 gold, have 83).
   584 | D:1      | 584 ||| BUYING potion of curing (42 gold).
   584 | D:1      | Bought a potion of curing for 42 gold pieces
   584 | D:1      | 584 ||| SHOPLISTING potion of heal wounds (70 gold, have
                  | 41).
   587 | D:1      | Found Caoseinn's Assorted Antiques.
   604 | D:1      | 604 ||| BUYING 2 smoky silvery potions (30 gold).
   604 | D:1      | Bought 2 smoky silvery potions for 30 gold pieces
   604 | D:1      | 604 ||| SHOPLISTING fizzy dark potion (15 gold, have 11).
   604 | D:1      | 604 ||| SHOPLISTING fizzy white potion (15 gold, have 11).
   604 | D:1      | 604 ||| SHOPLISTING runed troll leather armour (306 gold,
                  | have 11).
   707 | D:1      | Found Rilofem's Antique Armour Emporium.
   714 | D:1      | 714 ||| SHOPLISTING steam dragon scales (1160 gold, have
                  | 11).
   769 | D:1      | Found Befacl Xolodgh's Armour Emporium.
   774 | D:1      | 774 ||| SHOPLISTING +2 robe of willpower (212 gold, have
                  | 11).
   774 | D:1      | 774 ||| SHOPLISTING quicksilver dragon scales (720 gold,
                  | have 11).
   980 | D:1      | 980 ||| READING 3 scrolls labelled JUTAVVAYDYA.
   981 | D:1      | 981 ||| READING scroll labelled XOAVEH ITRI.
   982 | D:1      | 982 ||| READING scroll labelled ZUACUAWKAST.
   983 | D:1      | 983 ||| DRINKING 2 smoky silvery potions.
   984 | D:1      | 984 ||| READING 2 scrolls of identify.
   984 | D:1      | 984 ||| IDENTIFYING pink potion
   985 | D:1      | 985 ||| DROPPING potion of brilliance.
   986 | D:1      | 986 ||| Stepping randomly (stuck).
   987 | D:1      | 987 ||| Stepping ~*~*~tactically~*~*~ (cloud).
  1074 | D:2      | Reached XP level 3. HP: 34/36 MP: 3/3
  1113 | D:2      | 1113 ||| Stepping ~*~*~tactically~*~*~ (outnumbered).
  1114 | D:2      | 1114 ||| Stepping ~*~*~tactically~*~*~ (outnumbered).
  1115 | D:2      | 1115 ||| Stepping ~*~*~tactically~*~*~ (outnumbered).
  1163 | D:2      | 1163 ||| Stepping ~*~*~tactically~*~*~ (outnumbered).
  1164 | D:2      | 1164 ||| Stepping ~*~*~tactically~*~*~ (outnumbered).
  1165 | D:2      | 1165 ||| Stepping ~*~*~tactically~*~*~ (outnumbered).
  1166 | D:2      | 1166 ||| Stepping ~*~*~tactically~*~*~ (outnumbered).
  1167 | D:2      | 1167 ||| Stepping ~*~*~tactically~*~*~ (outnumbered).
  1168 | D:2      | 1168 ||| Stepping ~*~*~tactically~*~*~ (outnumbered).
  1171 | D:2      | 1171 ||| Stepping ~*~*~tactically~*~*~ (outnumbered).
  1172 | D:2      | 1172 ||| Stepping ~*~*~tactically~*~*~ (outnumbered).
  1173 | D:2      | 1173 ||| Stepping ~*~*~tactically~*~*~ (outnumbered).
  1175 | D:2      | 1175 ||| Stepping ~*~*~tactically~*~*~ (outnumbered).
  1176 | D:2      | 1176 ||| Stepping ~*~*~tactically~*~*~ (outnumbered).
  1245 | D:2      | Found a broken altar of Ashenzari.
  1330 | D:2      | Reached skill level 1 in Throwing
  1438 | D:2      | Identified the +10 dagger "Ahiewoq" {drain, rElec rPois
                  | rF++ MP-9 Str-2}
  1512 | D:2      | Reached XP level 4. HP: 42/42 MP: 4/4
  1584 | D:2      | Noticed Jessica
  1593 | D:2      | Killed Jessica
  1594 | D:2      | Reached skill level 5 in Unarmed Combat
  1614 | D:2      | 1614 ||| READING 3 scrolls of identify.
  1614 | D:2      | 1614 ||| IDENTIFYING bubbling yellow potion
  1615 | D:2      | 1615 ||| DROPPING potion of magic.
  1677 | D:3      | Noticed a scorpion
  1681 | D:3      | Killed a scorpion
  1682 | D:3      | Reached XP level 5. HP: 41/50 MP: 5/5
  1738 | D:3      | Found a bloodstained altar of Trog.
  1815 | D:3      | Reached skill level 6 in Unarmed Combat
  2158 | D:3      | 2158 ||| INVOKING Fiery Armour.
  2169 | D:3      | Reached XP level 6. HP: 56/59 MP: 6/6
  2238 | D:3      | Found a sparkling altar of Nemelex Xobeh.
  2523 | D:3      | Found a glowing silver altar of Zin.
  2525 | D:3      | 2525 ||| READING 2 scrolls of identify.
  2525 | D:3      | 2525 ||| IDENTIFYING fizzy white potion
  2589 | D:4      | 2589 ||| INVOKING Fiery Armour.
  2590 | D:4      | 2590 ||| STAIRDANCE
  2604 | D:4      | 2604 ||| STAIRDANCE
  2606 | D:3      | 2606 ||| Stepping ~*~*~tactically~*~*~ (outnumbered).
  2608 | D:3      | 2608 ||| Stepping ~*~*~tactically~*~*~ (outnumbered).
  2616 | D:4      | 2616 ||| STAIRDANCE
  2624 | D:4      | 2624 ||| STAIRDANCE
  2635 | D:3      | Reached skill level 7 in Unarmed Combat
  2669 | D:4      | 2669 ||| STAIRDANCE
  2716 | D:4      | Reached XP level 7. HP: 63/66 MP: 7/7
  2734 | D:4      | 2734 ||| Stepping ~*~*~tactically~*~*~ (outnumbered).
  2769 | D:4      | Found a basalt altar of Yredelemnul.
  2857 | D:4      | 2857 ||| Stepping ~*~*~tactically~*~*~ (stealth).
  2867 | D:4      | Reached skill level 8 in Unarmed Combat
  3045 | D:4      | 3045 ||| Stepping ~*~*~tactically~*~*~ (stealth).
  3112 | D:4      | Found a radiant altar of Vehumet.
  3114 | D:4      | 3114 ||| Stepping ~*~*~tactically~*~*~ (stealth).
  3255 | D:4      | 3255 ||| INVOKING Fiery Armour.
  3266 | D:4      | Reached skill level 3 in Fighting
  3386 | D:4      | 3386 ||| Stepping ~*~*~tactically~*~*~ (stealth).
  3409 | D:4      | 3409 ||| UPGRADING to +0 storm dragon scales.
  3419 | D:4      | 3419 ||| DROPPING +0 robe.
  3420 | D:4      | 3420 ||| READING scroll labelled TUH PISESO.
  3421 | D:4      | 3421 ||| READING scroll labelled XEMPUSAHECE.
  3465 | D:5      | Entered Level 5 of the Dungeon
  3480 | D:5      | 3480 ||| INVOKING Fiery Armour.
  3484 | D:5      | Reached skill level 1 in Armour
  3593 | D:5      | Found an opulent altar of Gozag.
  3636 | D:5      | 3636 ||| Stepping ~*~*~tactically~*~*~ (hiding).
  3642 | D:5      | Reached skill level 3 in Throwing
  3642 | D:5      | Reached XP level 8. HP: 50/75 MP: 8/8
  3653 | D:5      | 3653 ||| FLEEEEING.
  3654 | D:5      | 3654 ||| FLEEEEING.
  3655 | D:5      | 3655 ||| FLEEEEING.
  3656 | D:5      | 3656 ||| FLEEEEING.
  3657 | D:5      | 3657 ||| FLEEEEING.
  3658 | D:5      | 3658 ||| FLEEEEING.
  3659 | D:5      | 3659 ||| FLEEEEING.
  3660 | D:5      | 3660 ||| FLEEEEING.
  3661 | D:5      | 3661 ||| FLEEEEING.
  3662 | D:5      | 3662 ||| FLEEEEING.
  3663 | D:5      | 3663 ||| FLEEEEING.
  3664 | D:5      | 3664 ||| FLEEEEING.
  3665 | D:5      | 3665 ||| FLEEEEING.
  3666 | D:5      | 3666 ||| FLEEEEING.
  3667 | D:5      | 3667 ||| FLEEEEING.
  3717 | D:5      | Found a runed translucent door.
  3753 | D:5      | Found a runed translucent door.
  4002 | D:5      | Found a staircase to the Ecumenical Temple.
  4068 | D:5      | 4068 ||| READING scroll labelled COIMPI UTYAQ.
  4071 | D:5      | 4071 ||| READING scroll labelled ITAIPILAATT.
  4072 | D:5      | 4072 ||| READING scroll labelled PYTHRU HUOS.
  4114 | D:6      | Reached skill level 9 in Unarmed Combat
  4338 | D:6      | Noticed Grinder
  4338 | D:6      | Paralysed by Grinder for 3 turns
  4345 | D:6      | Paralysed by Grinder for 4 turns
  4351 | D:6      | Killed Grinder
  4352 | D:6      | Reached skill level 10 in Unarmed Combat
  4498 | D:6      | Found a sacrificial altar of Ru.
  4502 | D:6      | Found an ancient bone altar of Kikubaaqudgha.
  4505 | D:6      | Found a burning altar of Makhleb.
  4648 | D:6      | 4648 ||| Stepping ~*~*~tactically~*~*~ (hiding).
  4652 | D:6      | 4652 ||| Stepping ~*~*~tactically~*~*~ (stealth).
  4665 | D:6      | 4665 ||| INVOKING Fiery Armour.
  4672 | D:6      | Reached XP level 9. HP: 47/84 MP: 9/9
  4744 | D:6      | Found a stormy altar of Qazlal.
  4821 | D:6      | 4821 ||| READING scroll labelled QOMOTEBOON.
  4822 | D:6      | 4822 ||| DRINKING 2 sedimented white potions.
  4823 | D:6      | 4823 ||| READING 2 scrolls of identify.
  4823 | D:6      | 4823 ||| IDENTIFYING fizzy dark potion
  4824 | D:6      | 4824 ||| DROPPING potion of degeneration.
  4886 | D:7      | 4886 ||| Stepping ~*~*~tactically~*~*~ (stealth).
  4890 | D:7      | Reached skill level 3 in Armour
  4968 | D:7      | Found a runed translucent door.
  4969 | D:7      | Noticed Crazy Yiuf
  5046 | D:7      | Noticed Eustachio
  5047 | D:7      | 5047 ||| Stepping ~*~*~tactically~*~*~ (hiding).
  5054 | D:7      | 5054 ||| Stepping ~*~*~tactically~*~*~ (outnumbered).
  5067 | D:7      | Killed Eustachio
  5068 | D:7      | Reached skill level 11 in Unarmed Combat
  5069 | D:7      | 5069 ||| Stepping ~*~*~tactically~*~*~ (stealth).
  5169 | D:7      | Reached skill level 1 in Dodging
  5286 | D:7      | Noticed Prince Ribbit
  5297 | D:7      | 5297 ||| INVOKING Fiery Armour.
  5298 | D:7      | Killed Prince Ribbit
  5328 | D:7      | 5328 ||| FLEEEEING.
  5330 | D:7      | 5330 ||| FLEEEEING.
  5331 | D:7      | 5331 ||| FLEEEEING.
  5332 | D:7      | 5332 ||| FLEEEEING.
  5333 | D:7      | 5333 ||| Stepping ~*~*~tactically~*~*~ (hiding).
  5344 | D:7      | 5344 ||| Stepping ~*~*~tactically~*~*~ (hiding).
  5351 | D:7      | 5351 ||| Stepping ~*~*~tactically~*~*~ (outnumbered).
  5438 | D:7      | 5438 ||| Stepping ~*~*~tactically~*~*~ (hiding).
  5443 | D:7      | Reached skill level 12 in Unarmed Combat
  5628 | D:7      | 5628 ||| UPGRADING to +0 kite shield.
  5633 | D:7      | 5633 ||| READING 2 scrolls of identify.
  5633 | D:7      | 5633 ||| IDENTIFYING viscous puce potion
  5634 | D:7      | 5634 ||| DROPPING potion of flight.
  5656 | D:8      | 5656 ||| PLANNING OSSUARY
  5687 | D:8      | Found a transporter.
  5689 | D:8      | Found a transporter.
  5700 | D:8      | 5700 ||| Stepping ~*~*~tactically~*~*~ (outnumbered).
  5702 | D:8      | 5702 ||| Stepping ~*~*~tactically~*~*~ (outnumbered).
  5707 | D:8      | 5707 ||| Stepping ~*~*~tactically~*~*~ (outnumbered).
  5708 | D:8      | 5708 ||| Stepping ~*~*~tactically~*~*~ (outnumbered).
  5710 | D:8      | Reached skill level 1 in Shields
  5724 | D:8      | Found a transporter.
  5726 | D:8      | Found a transporter.
  5742 | D:8      | Noticed an efreet
  5747 | D:8      | Killed an efreet
  5748 | D:8      | Reached skill level 3 in Shields
  5830 | D:8      | Reached XP level 10. HP: 92/92 MP: 10/10
  5848 | D:8      | 5848 ||| Stepping ~*~*~tactically~*~*~ (hiding).
  5852 | D:8      | 5852 ||| Stepping ~*~*~tactically~*~*~ (hiding).
  5860 | D:8      | 5860 ||| Stepping ~*~*~tactically~*~*~ (stealth).
  5861 | D:8      | 5861 ||| Stepping ~*~*~tactically~*~*~ (stealth).
  6082 | D:8      | 6082 ||| Stepping ~*~*~tactically~*~*~ (outnumbered).
  6241 | D:8      | Found a transporter.
  6245 | D:8      | Found a transporter.
  6327 | D:8      | 6327 ||| Stepping ~*~*~tactically~*~*~ (outnumbered).
  6377 | D:8      | 6377 ||| RIP OSSUARY
  6412 | D:8      | 6412 ||| PLANNING D:1-11
  6476 | D:8      | 6476 ||| UPGRADING to ring of protection from fire.
  6477 | D:8      | 6477 ||| UPGRADING to +6 ring of strength.
  6478 | D:8      | 6478 ||| READING 2 scrolls of identify.
  6478 | D:8      | 6478 ||| IDENTIFYING red potion
  6511 | D:9      | Noticed Harold
  6512 | D:9      | 6512 ||| Stepping ~*~*~tactically~*~*~ (hiding).
  6520 | D:9      | Paralysed by a hornet for 1 turns
  6524 | D:9      | 6524 ||| INVOKING Fiery Armour.
  6531 | D:9      | Killed Harold
  6676 | D:9      | Reached skill level 6 in Shields
  6694 | D:9      | 6694 ||| INVOKING Fiery Armour.
  6898 | D:9      | Noticed Joseph
  6901 | D:9      | 6901 ||| FLEEEEING.
  6902 | D:9      | 6902 ||| FLEEEEING.
  6903 | D:9      | 6903 ||| FLEEEEING.
  6904 | D:9      | 6904 ||| FLEEEEING.
  6905 | D:9      | 6905 ||| FLEEEEING.
  6906 | D:9      | 6906 ||| FLEEEEING.
  6925 | D:9      | Killed Joseph
  7280 | D:9      | 7280 ||| UPGRADING to ring of see invisible.
  7282 | D:9      | 7282 ||| READING scroll labelled YRATZI BEABBI.
  7316 | D:10     | Entered Level 10 of the Dungeon
  7317 | D:10     | 7317 ||| STAIRDANCE
  7355 | D:10     | Noticed a two-headed ogre
  7356 | D:10     | 7356 ||| Stepping ~*~*~tactically~*~*~ (hiding).
  7360 | D:10     | 7360 ||| Stepping ~*~*~tactically~*~*~ (outnumbered).
  7364 | D:10     | Killed a two-headed ogre
  7365 | D:10     | 7365 ||| INVOKING Fiery Armour.
  7522 | D:10     | Found Roffef's Magic Scroll Emporium.
  7538 | D:10     | 7538 ||| BUYING scroll of identify (22 gold).
  7538 | D:10     | Bought a scroll of identify for 22 gold pieces
  7538 | D:10     | 7538 ||| BUYING scroll of identify (22 gold).
  7538 | D:10     | Bought a scroll of identify for 22 gold pieces
  7538 | D:10     | 7538 ||| BUYING scroll of identify (22 gold).
  7538 | D:10     | Bought a scroll of identify for 22 gold pieces
  7538 | D:10     | 7538 ||| BUYING scroll of teleportation (33 gold).
  7538 | D:10     | Bought a scroll of teleportation for 33 gold pieces
  7549 | D:10     | Reached skill level 9 in Shields
  7676 | D:10     | Reached XP level 11. HP: 100/100 MP: 11/11
  7837 | D:10     | 7837 ||| Stepping ~*~*~tactically~*~*~ (hiding).
  7855 | D:10     | Found a staircase to the Orcish Mines.
  7940 | D:10     | 7940 ||| Stepping ~*~*~tactically~*~*~ (outnumbered).
  7942 | D:10     | 7942 ||| Stepping ~*~*~tactically~*~*~ (outnumbered).
  7945 | D:10     | 7945 ||| Stepping ~*~*~tactically~*~*~ (outnumbered).
  7953 | D:10     | 7953 ||| Stepping ~*~*~tactically~*~*~ (outnumbered).
  7955 | D:10     | 7955 ||| Stepping ~*~*~tactically~*~*~ (outnumbered).
  7957 | D:10     | 7957 ||| Stepping ~*~*~tactically~*~*~ (outnumbered).
  7959 | D:10     | 7959 ||| Stepping ~*~*~tactically~*~*~ (outnumbered).
  7961 | D:10     | 7961 ||| Stepping ~*~*~tactically~*~*~ (outnumbered).
  7963 | D:10     | 7963 ||| Stepping ~*~*~tactically~*~*~ (outnumbered).
  7965 | D:10     | 7965 ||| Stepping ~*~*~tactically~*~*~ (outnumbered).
  7967 | D:10     | 7967 ||| Stepping ~*~*~tactically~*~*~ (outnumbered).
  7969 | D:10     | 7969 ||| Stepping ~*~*~tactically~*~*~ (outnumbered).
  7971 | D:10     | 7971 ||| Stepping ~*~*~tactically~*~*~ (outnumbered).
  7975 | D:10     | 7975 ||| Stepping ~*~*~tactically~*~*~ (outnumbered).
  8098 | D:10     | 8098 ||| UPGRADING to amulet of regeneration.
  8103 | D:10     | 8103 ||| DROPPING ring of wizardry.
  8104 | D:10     | 8104 ||| READING scroll labelled TIOCZODU FEET.
  8105 | D:10     | 8105 ||| READING scroll labelled VERO IGGYCH.
  8158 | D:11     | 8158 ||| STAIRDANCE
  8171 | D:11     | 8171 ||| STAIRDANCE
  8203 | D:11     | 8203 ||| STAIRDANCE
  8227 | D:11     | 8227 ||| STAIRDANCE
  8235 | D:11     | 8235 ||| STAIRDANCE
  8267 | D:11     | Noticed a centaur warrior
  8275 | D:11     | Killed a centaur warrior
  8326 | D:11     | Noticed a two-headed ogre
  8332 | D:11     | Killed a two-headed ogre
  8333 | D:11     | Reached skill level 13 in Unarmed Combat
  8392 | D:11     | Found a frozen archway.
  8393 | D:11     | 8393 ||| Stepping ~*~*~tactically~*~*~ (outnumbered).
  8448 | D:11     | Found a staircase to the Lair.
  8460 | D:11     | 8460 ||| Stepping ~*~*~tactically~*~*~ (outnumbered).
  8461 | D:11     | 8461 ||| Stepping ~*~*~tactically~*~*~ (outnumbered).
  8462 | D:11     | 8462 ||| Stepping ~*~*~tactically~*~*~ (outnumbered).
  8463 | D:11     | 8463 ||| Stepping ~*~*~tactically~*~*~ (outnumbered).
  8464 | D:11     | 8464 ||| Stepping ~*~*~tactically~*~*~ (outnumbered).
  8465 | D:11     | 8465 ||| Stepping ~*~*~tactically~*~*~ (outnumbered).
  8466 | D:11     | 8466 ||| Stepping ~*~*~tactically~*~*~ (outnumbered).
  8467 | D:11     | 8467 ||| Stepping ~*~*~tactically~*~*~ (outnumbered).
  8468 | D:11     | 8468 ||| Stepping ~*~*~tactically~*~*~ (outnumbered).
  8469 | D:11     | 8469 ||| Stepping ~*~*~tactically~*~*~ (outnumbered).
  8470 | D:11     | 8470 ||| Stepping ~*~*~tactically~*~*~ (outnumbered).
  8471 | D:11     | 8471 ||| Stepping ~*~*~tactically~*~*~ (outnumbered).
  8472 | D:11     | 8472 ||| Stepping ~*~*~tactically~*~*~ (outnumbered).
  8473 | D:11     | 8473 ||| Stepping ~*~*~tactically~*~*~ (outnumbered).
  8477 | D:11     | 8477 ||| Stepping ~*~*~tactically~*~*~ (outnumbered).
  8478 | D:11     | 8478 ||| Stepping ~*~*~tactically~*~*~ (outnumbered).
  8480 | D:11     | 8480 ||| Stepping ~*~*~tactically~*~*~ (outnumbered).
  8497 | D:11     | Found a white marble altar of Elyvilon.
  9031 | D:11     | 9031 ||| PLANNING LAIR
  9031 | D:11     | 9031 ||| READING scroll labelled OPITECZ RUNGU.
  9032 | D:11     | 9032 ||| DRINKING 2 fuming puce potions.
  9072 | D:11     | 9072 ||| DROPPING potion of lignification.
  9105 | Lair:1   | Entered Level 1 of the Lair of Beasts
  9105 | Lair:1   | Noticed a seven-headed hydra
  9106 | Lair:1   | 9106 ||| INVOKING Fiery Armour.
  9110 | Lair:1   | Killed an eight-headed hydra
  9138 | Lair:1   | 9138 ||| Stepping ~*~*~tactically~*~*~ (outnumbered).
  9139 | Lair:1   | 9139 ||| Stepping ~*~*~tactically~*~*~ (outnumbered).
  9172 | Lair:1   | Noticed Maggie
  9175 | Lair:1   | Killed Maggie
  9451 | Lair:1   | Reached XP level 12. HP: 83/111 MP: 12/12
  9550 | Lair:1   | Reached skill level 14 in Unarmed Combat
  9808 | Lair:1   | 9808 ||| UPGRADING to +0 cloak.
  9862 | Lair:2   | 9862 ||| INVOKING Fiery Armour.
  9945 | Lair:2   | Noticed Amaemon
  9947 | Lair:2   | 9947 ||| Stepping ~*~*~tactically~*~*~ (hiding).
  9948 | Lair:2   | 9948 ||| Stepping ~*~*~tactically~*~*~ (hiding).
  9949 | Lair:2   | 9949 ||| Stepping ~*~*~tactically~*~*~ (hiding).
  9956 | Lair:2   | Killed Amaemon
  9990 | Lair:2   | Found a staircase to the Snake Pit.
 10125 | Lair:2   | Noticed Fannar
 10126 | Lair:2   | 10126 ||| Stepping ~*~*~tactically~*~*~ (hiding).
 10128 | Lair:2   | 10128 ||| Stepping ~*~*~tactically~*~*~ (hiding).
 10131 | Lair:2   | 10131 ||| Stepping ~*~*~tactically~*~*~ (hiding).
 10133 | Lair:2   | 10133 ||| Stepping ~*~*~tactically~*~*~ (hiding).
 10152 | Lair:2   | Killed Fannar
 10261 | Lair:2   | 10261 ||| Stepping ~*~*~tactically~*~*~ (stealth).
 10262 | Lair:2   | 10262 ||| Stepping ~*~*~tactically~*~*~ (stealth).
 10264 | Lair:2   | 10264 ||| Stepping ~*~*~tactically~*~*~ (stealth).
 10265 | Lair:2   | 10265 ||| Stepping ~*~*~tactically~*~*~ (stealth).
 10267 | Lair:2   | 10267 ||| Stepping ~*~*~tactically~*~*~ (stealth).
 10268 | Lair:2   | 10268 ||| Stepping ~*~*~tactically~*~*~ (outnumbered).
 10269 | Lair:2   | 10269 ||| Stepping ~*~*~tactically~*~*~ (outnumbered).
 10270 | Lair:2   | 10270 ||| Stepping ~*~*~tactically~*~*~ (outnumbered).
 10271 | Lair:2   | 10271 ||| Stepping ~*~*~tactically~*~*~ (outnumbered).
 10273 | Lair:2   | 10273 ||| Stepping ~*~*~tactically~*~*~ (stealth).
 10274 | Lair:2   | 10274 ||| Stepping ~*~*~tactically~*~*~ (outnumbered).
 10275 | Lair:2   | 10275 ||| Stepping ~*~*~tactically~*~*~ (outnumbered).
 10276 | Lair:2   | 10276 ||| Stepping ~*~*~tactically~*~*~ (outnumbered).
 10277 | Lair:2   | 10277 ||| Stepping ~*~*~tactically~*~*~ (stealth).
 10278 | Lair:2   | 10278 ||| Stepping ~*~*~tactically~*~*~ (stealth).
 10279 | Lair:2   | 10279 ||| Stepping ~*~*~tactically~*~*~ (stealth).
 10280 | Lair:2   | 10280 ||| INVOKING Fiery Armour.
 10281 | Lair:2   | 10281 ||| Stepping ~*~*~tactically~*~*~ (outnumbered).
 10282 | Lair:2   | 10282 ||| Stepping ~*~*~tactically~*~*~ (outnumbered).
 10285 | Lair:2   | Reached skill level 6 in Fighting
 10324 | Lair:2   | Noticed Sonja
 10334 | Lair:2   | HP: 28/114 [Sonja/+2 dagger of venom (2)]
 10334 | Lair:2   | Killed Sonja
 10336 | Lair:2   | HP: 10/114 [poisoned by Sonja]
 10339 | Lair:2   | HP: 4/114 [poisoned by Sonja]
 10344 | Lair:2   | HP: 10/114 [poisoned by Sonja]
 10417 | Lair:2   | Reached skill level 6 in Throwing
 10472 | Lair:2   | 10472 ||| Stepping ~*~*~tactically~*~*~ (stealth).
 10477 | Lair:2   | 10477 ||| Stepping ~*~*~tactically~*~*~ (outnumbered).
 10478 | Lair:2   | 10478 ||| Stepping ~*~*~tactically~*~*~ (outnumbered).
 10479 | Lair:2   | 10479 ||| Stepping ~*~*~tactically~*~*~ (outnumbered).
 10480 | Lair:2   | 10480 ||| Stepping ~*~*~tactically~*~*~ (outnumbered).
 10481 | Lair:2   | 10481 ||| Stepping ~*~*~tactically~*~*~ (outnumbered).
 10482 | Lair:2   | 10482 ||| Stepping ~*~*~tactically~*~*~ (outnumbered).
 10483 | Lair:2   | 10483 ||| Stepping ~*~*~tactically~*~*~ (outnumbered).
 10484 | Lair:2   | 10484 ||| Stepping ~*~*~tactically~*~*~ (outnumbered).
 10485 | Lair:2   | 10485 ||| Stepping ~*~*~tactically~*~*~ (outnumbered).
 10486 | Lair:2   | 10486 ||| Stepping ~*~*~tactically~*~*~ (outnumbered).
 10509 | Lair:2   | 10509 ||| INVOKING Fiery Armour.
 10587 | Lair:2   | Noticed a six-headed hydra
 10588 | Lair:2   | 10588 ||| PLANNING TEMPLE
 10591 | Lair:2   | Killed a seven-headed hydra
 10798 | Temple   | Entered the Ecumenical Temple
 10806 | Temple   | 10806 ||| PLANNING CONVERSION TO OKAWARU
 10813 | Temple   | Fell from the grace of Ignis
 10813 | Temple   | Became a worshipper of Warmaster Okawaru
 10814 | Temple   | 10814 ||| PLANNING LAIR
 11238 | Lair:2   | Noticed Gastronok
 11239 | Lair:2   | 11239 ||| Stepping ~*~*~tactically~*~*~ (hiding).
 11250 | Lair:2   | Killed Gastronok
 11251 | Lair:2   | Reached skill level 15 in Unarmed Combat
 11382 | Lair:2   | 11382 ||| UPGRADING to +2 hat of intelligence.
 11402 | Lair:2   | 11402 ||| Stepping ~*~*~tactically~*~*~ (outnumbered).
 11481 | Lair:3   | Reached * piety under Okawaru
 11482 | Lair:3   | 11482 ||| INVOKING Heroism.
 11486 | Lair:3   | 11486 ||| DRINKING 2 potions of cancellation.
 11491 | Lair:3   | Reached skill level 1 in Invocations
 11495 | Lair:3   | 11495 ||| INVOKING Heroism.
 11521 | Lair:3   | 11521 ||| Stepping ~*~*~tactically~*~*~ (stealth).
 11554 | Lair:3   | Found a staircase to the Swamp.
 11597 | Lair:3   | 11597 ||| INVOKING Heroism.
 11647 | Lair:3   | Noticed a death yak
 11648 | Lair:3   | 11648 ||| INVOKING Heroism.
 11649 | Lair:3   | Noticed a death yak
 11649 | Lair:3   | Noticed a death yak
 11656 | Lair:3   | 11656 ||| Stepping ~*~*~tactically~*~*~ (outnumbered).
 11657 | Lair:3   | 11657 ||| Stepping ~*~*~tactically~*~*~ (outnumbered).
 11658 | Lair:3   | 11658 ||| Stepping ~*~*~tactically~*~*~ (outnumbered).
 11660 | Lair:3   | Killed a death yak
 11662 | Lair:3   | 11662 ||| INVOKING Heroism.
 11664 | Lair:3   | Killed a death yak
 11668 | Lair:3   | Killed a death yak
 11669 | Lair:3   | Reached skill level 3 in Invocations
 11718 | Lair:3   | 11718 ||| Stepping ~*~*~tactically~*~*~ (hiding).
 11719 | Lair:3   | 11719 ||| Stepping ~*~*~tactically~*~*~ (hiding).
 11970 | Lair:3   | 11970 ||| DRINKING 2 murky inky potions.
 11971 | Lair:3   | 11971 ||| DROPPING potion of attraction.
 12016 | Lair:4   | Reached ** piety under Okawaru
 12024 | Lair:4   | Found a runed translucent door.
 12052 | Lair:4   | Found the +2 hood of the Assassin {Detection Stab+ Stlth++}
 12055 | Lair:4   | 12055 ||| FLEEEEING.
 12057 | Lair:4   | 12057 ||| FLEEEEING.
 12059 | Lair:4   | 12059 ||| FLEEEEING.
 12061 | Lair:4   | 12061 ||| FLEEEEING.
 12062 | Lair:4   | 12062 ||| FLEEEEING.
 12063 | Lair:4   | 12063 ||| STAIRDANCE
 12067 | Lair:4   | 12067 ||| INVOKING Heroism.
 12071 | Lair:4   | Reached XP level 13. HP: 120/120 MP: 11/14
 12153 | Lair:4   | 12153 ||| INVOKING Heroism.
 12341 | Lair:4   | Noticed qw's ghost (journeyman TrCA)
 12508 | Lair:4   | You fall into a shaft and drop 1 floor!
 12508 | Lair:5   | Entered Level 5 of the Lair of Beasts
 12632 | Lair:5   | 12632 ||| Stepping ~*~*~tactically~*~*~ (outnumbered).
 12633 | Lair:5   | 12633 ||| INVOKING Heroism.
 12634 | Lair:5   | 12634 ||| Stepping ~*~*~tactically~*~*~ (outnumbered).
 12636 | Lair:5   | 12636 ||| Stepping ~*~*~tactically~*~*~ (outnumbered).
 12673 | Lair:5   | Noticed a dire elephant
 12674 | Lair:5   | 12674 ||| INVOKING Heroism.
 12679 | Lair:5   | Killed a dire elephant
 12685 | Lair:5   | Noticed a dire elephant
 12688 | Lair:5   | Noticed a dire elephant
 12690 | Lair:5   | 12690 ||| Stepping ~*~*~tactically~*~*~ (hiding).
 12692 | Lair:5   | 12692 ||| INVOKING Heroism.
 12694 | Lair:5   | 12694 ||| Stepping ~*~*~tactically~*~*~ (hiding).
 12696 | Lair:5   | Noticed a dire elephant
 12697 | Lair:5   | Killed a dire elephant
 12706 | Lair:5   | Killed a dire elephant
 12706 | Lair:5   | Reached *** piety under Okawaru
 12706 | Lair:5   | HP: 21/120 [dire elephant (24)]
 12707 | Lair:5   | 12707 ||| READING 7 scrolls of teleportation.
 12707 | Lair:5   | HP: 7/120 [dire elephant (16)]
 12708 | Lair:5   | 12708 ||| DRINKING 3 potions of heal wounds.
 12710 | Lair:5   | 12710 ||| DRINKING 2 potions of heal wounds.
 12711 | Lair:5   | 12711 ||| Stepping ~*~*~tactically~*~*~ (outnumbered).
 12712 | Lair:5   | 12712 ||| Stepping ~*~*~tactically~*~*~ (outnumbered).
 12713 | Lair:5   | 12713 ||| INVOKING Heroism.
 12714 | Lair:5   | 12714 ||| Stepping ~*~*~tactically~*~*~ (outnumbered).
 12717 | Lair:5   | HP: 30/120 [poisoned by a water moccasin]
 12718 | Lair:5   | 12718 ||| READING 6 scrolls of teleportation.
 12719 | Lair:5   | 12719 ||| DRINKING potion of heal wounds.
 12722 | Lair:5   | HP: 22/120 [poisoned by a water moccasin]
 12722 | Lair:5   | HP: 9/120 [catoblepas/blast of calcifying dust (4)]
 12722 | Lair:5   | HP: 1/120 [cane toad (8)]
 12723 | Lair:5   | 12723 ||| READING 5 scrolls of teleportation.
 12723 | Lair:5   | Mangled by a cane toad

Levels and vault maps discovered:
D:1:      co_arrival_square_in_a_square_in_a_square, layout_basic, serial_shops,
          nicolae_shop_hallway_plus, shop, shop_fountains, shop,
          ebering_ecumenical_altar_rust
D:2:      layout_rooms, basic_altar, nrook_campfire, dreamdust_princess_bridge,
          uniq_jessica
D:3:      layout_loops_corners, overflow_temple_1_default,
          lemuel_coloured_pillars_altar, lemuel_round_altar,
          roderic_serpentine_path, minmay_misc_feat_hallway
D:4:      layout_loops_ring, kennysheep_mini_moat, mainiacjoe_overflow_catwalk,
          amcnicky_mini_pool_small, minmay_ogre_servants
D:5:      lemuel_insect_pit, layout_rooms, general_overflow_altar,
          minmay_temple_entry_nine_rooms, corexii_corridor_pit,
          dreamdust_wishing_well, nrook_mini_vaults, cheibrodos_gnoll_hut
D:6:      layout_loops_ring, grunt_temple_overflow_diamond,
          nicolae_qazlal_scattered_showers, nicolae_grassy_gnolls, uniq_grinder
D:7:      layout_basic, sword_in_stone, uniq_crazy_yiuf_cottage,
          uniq_prince_ribbit1
D:8:      layout_basic, enter_ossuary_4, serial_nicolae_subway,
          nicolae_sub_station_stone, nicolae_sub_station_metal,
          nicolae_sub_station_crystal
D:9:      layout_loops_cross, uniq_harold, uniq_joseph
D:10:     layout_basic, orc_0_dummy, serial_shops, nicolae_shop_hallway_plus,
          minivault_21
D:11:     layout_long_grid, lair_entry_dummy, portal_ice_cave_rime,
          elyvilon_altar_4
Temple:   nicolae_temple_bog_church
Lair:1:   layout_cave_pods, st_stairs_9, grunt_megastairs_4, uniq_maggie
Lair:2:   layout_long_grid, dummy_snake_entry, infiniplex_staircase_pool_2,
          grunt_megastairs_2, uniq_sonja, uniq_fannar, uniq_gastronok,
          uniq_amaemon
Lair:3:   layout_misc_corridors, swamp_mist_pool
Lair:4:   layout_misc_corridors, slime_entry_1, ebering_ghost_reflecting_pool,
          serial_bayou_shore_a
Lair:5:   due_jungle_book, layout_concentric_octagons, special_room
          [special_room_bee]

Skill      XL: |  1  2  3  4  5  6  7  8  9 10 11 12 13 |
---------------+----------------------------------------+-----
Unarmed Combat | 4 5 6 7 8 10 12 13 15 | 15.4
Throwing       | 1 2 3 4 5 6 |  6.0
Fighting       | 3 4 5 6 |  6.0
Armour         | 2 3 4 5 |  5.0
Dodging        | 1 |  1.3
Shields        | 3 9 10 11 | 11.0
Invocations    | 3 4 |  4.1
Spellcasting   | |  1.0
Fire Magic     | |  2.1

Action                   |  1- 3 |  4- 6 |  7- 9 | 10-12 | 13-15 || total
-------------------------+-------+-------+-------+-------+-------++-------
Melee: Unarmed           |   143 |    56 |   219 |   438 |    60 ||   916
       Punch             |     1 |     1 |     6 |       |       ||     8
Throw: Large rock        |    11 |    15 |    53 |    74 |    14 ||   167
       Boomerang         |       |       |    19 |       |       ||    19
Invok: Fiery Armour      |       |     2 |     4 |     7 |       ||    13
       Heroism           |       |       |       |     6 |     5 ||    11
  Use: Scroll            |     4 |     2 |     8 |     5 |     3 ||    22
       Potion            |     1 |       |     1 |     3 |     3 ||     8
Armor: Robe              |    54 |    30 |    10 |       |       ||    94
       Storm dragon scal |       |       |    90 |   259 |    29 ||   378
Dodge: Dodged            |    65 |    24 |    60 |   134 |    13 ||   296
Block: Kite shield       |       |       |     2 |   179 |    29 ||   210

Table legend:
 A = Non-vault XP
 B = Vault XP
 C = Vault XP percentage of total XP
 D = Non-vault monster count
 E = Vault monster count
 F = Vault count percentage of total count
                 A         B        C        D         E       F
            +---------+---------+-------+---------+---------+-------
      Total |   30261 |   14655 |  32.6 |     267 |      51 |  16.0
            +---------+---------+-------+---------+---------+-------
        D:1 |      38 |       0 |   0.0 |      22 |       0 |   0.0
        D:2 |      62 |      37 |  37.4 |      22 |       1 |   4.3
        D:3 |     545 |       0 |   0.0 |      24 |       0 |   0.0
        D:4 |     303 |     134 |  30.7 |      28 |       9 |  24.3
        D:5 |     672 |      96 |  12.5 |      17 |       3 |  15.0
        D:6 |     745 |     451 |  37.7 |       9 |       6 |  40.0
        D:7 |     897 |     863 |  49.0 |      22 |       6 |  21.4
        D:8 |    1203 |       2 |   0.2 |      24 |       2 |   7.7
        D:9 |    1530 |    1356 |  47.0 |      11 |       2 |  15.4
       D:10 |    5014 |       0 |   0.0 |      28 |       0 |   0.0
       D:11 |    4298 |     745 |  14.8 |      13 |       2 |  13.3
     Lair:1 |    2003 |    1002 |  33.3 |       8 |       4 |  33.3
     Lair:2 |    6122 |    4499 |  42.4 |      19 |       6 |  24.0
     Lair:3 |    4979 |       0 |   0.0 |      12 |       0 |   0.0
     Lair:4 |    1850 |       0 |   0.0 |       8 |       0 |   0.0
     Lair:5 |       0 |    5470 | 100.0 |       0 |      10 | 100.0
            +---------+---------+-------+---------+---------+-------
